 Dungeon Crawl Stone Soup version 0.17-a0-1591-g7a45446 (webtiles) character file.

121 urechis the Cudgeler (level 5, -3/57 HPs)
             Began as an Ogre Fighter on July 29, 2015.
             Slain by Natasha (8 damage)
             ... on level 2 of the Dungeon.
             The game lasted 00:04:33 (1870 turns).

urechis the Cudgeler (Ogre Fighter)                 Turns: 1870, Time: 00:04:33

Health: -3/57      AC:  3    Str: 21    XL:     5   Next: 5%
Magic:  5/5        EV: 10    Int:  7    God:
Gold:   127        SH:  0    Dex: 10    Spells: 0 memorised, 4 levels left

rFire  . . .     SeeInvis .     a - +0 flail
rCold  . . .     Clarity  .     b - +0 robe
rNeg   . . .     SustAt   .     (no shield)
rPois  .         Gourm    .     (helmet restricted)
rElec  .         Spirit   .     (no cloak)
rCorr  +         Warding  .     (gloves unavailable)
rMut   .         Stasis   .     (boots unavailable)
MR     .....                    n - amulet of resist corrosion
Stlth  ++........               (no ring)
                                m - ring of stealth

@: not resistant to hostile enchantments, unstealthy
A: unfitting armour, tough skin 1
a: no special abilities


You were on level 2 of the Dungeon.
You were not hungry.

You visited 1 branch of the dungeon, and saw 2 of its levels.

You collected 127 gold pieces.

Inventory:

Hand weapons
 a - a +0 flail (weapon)
Armour
 b - a +0 robe (worn)
 c - a +0 shield
Jewellery
 l - an uncursed amulet of resist mutation
 m - a ring of stealth (left hand)
 n - an amulet of resist corrosion (around neck)
Scrolls
 f - 3 scrolls of teleportation
 g - a scroll of magic mapping
 j - a scroll of identify
 o - a scroll of fog {unknown}
Potions
 d - 2 potions of might
 i - 3 potions of curing {unknown}
 k - a potion of degeneration {unknown}
Comestibles
 e - 2 bread rations
 h - a chunk of flesh


   Skills:
 + Level 5.4 Fighting
 * Level 5.4 Maces & Flails
 - Level 2.6 Dodging
 - Level 2.8 Shields


You had 4 spell levels left.
You didn't know any spells.

Dungeon Overview and Level Annotations

Branches:
Dungeon (2/15)

Altars:
Ashenzari
Ru

Annotations:
D:2 Natasha


Innate Abilities, Weirdness & Mutations

You are too large for most types of armour.
You have tough skin (AC +1).


Message History

Natasha's fingertips start to glow.
Natasha zaps a wand.
The magic dart hits you!
It is a wand of magic darts {zapped: 4}.
Natasha zaps a wand.
The magic dart hits you!
* * * LOW HITPOINT WARNING * * *
You are too injured to fight recklessly!
You are too injured to fight recklessly!
You are too injured to fight recklessly!
You closely miss Natasha. Natasha casts a spell at you.
The magic dart hits you!
* * * LOW HITPOINT WARNING * * *
You closely miss Natasha.
Natasha zaps a wand.
The magic dart hits you!
* * * LOW HITPOINT WARNING * * *
You barely miss Natasha.
Natasha casts a spell.
You hit Natasha.
Natasha is almost dead.
Natasha claws you!
You die...

..#............#####.........####
..#......<.....# #.........#>..
..#............# #.........#...
..#............# #.........#...
..'........##### #.........#...
#.#........#########.......#####.
#....#'#####........#####..# #.
.....# #............# #..# ###.
#....# #.##....h@...### #..# #...
.....# #.##........†).###..###...
###### #..#......5.)#..........._
.....#.####.(.......#......###.".
..#..#...........####(.....# #...
...# ######.###### #....).# ###.
...+ #.# ##.....# #. ...#
#.##########.....#####. ...#
#.#...........(...)..#.


You could see Natasha and a crimson imp.

Vanquished Creatures
  Jessica (D:2)
  Natasha (twice) (D:2)
  Robin (D:2)
  An adder (D:2)
  2 giant geckos (D:1)
  4 bats
  A giant cockroach (D:1)
  11 goblins
  5 hobgoblins
  A giant newt (D:1)
  5 kobolds (D:1)
  7 rats
41 creatures vanquished.

Notes
Turn   | Place    | Note
--------------------------------------------------------------
     0 | D:1      | urechis the Ogre Fighter began the quest for the Orb.
     0 | D:1      | Reached XP level 1. HP: 24/24 MP: 1/1
    59 | D:1      | Found a shattered altar of Ashenzari.
   120 | D:1      | Reached XP level 2. HP: 30/32 MP: 2/2
  1046 | D:2      | Noticed Natasha
  1047 | D:2      | Noticed Robin
  1047 | D:2      | Noticed Jessica
  1048 | D:2      | Reached XP level 3. HP: 38/40 MP: 3/3
  1448 | D:2      | Found a sacrificial altar of Ru.
  1535 | D:2      | Killed Natasha
  1568 | D:2      | Killed Robin
  1568 | D:2      | Reached skill level 5 in Fighting
  1568 | D:2      | Reached XP level 4. HP: 36/50 MP: 4/4
  1583 | D:2      | Killed Jessica
  1583 | D:2      | Reached skill level 5 in Maces & Flails
  1776 | D:2      | Noticed Natasha
  1784 | D:2      | Killed Natasha
  1785 | D:2      | Reached XP level 5. HP: 30/57 MP: 5/5
  1863 | D:2      | Noticed Natasha
  1870 | D:2      | Slain by Natasha

Vault maps used:
D:1:      saegor_arrival_simple_e, wad_floor_pattern_2,
          grunt_decor_mini_mirrors, evilmike_ruin_ashenzari
D:2:      nicolae_overflow_crystal_walls, first_bread, uniq_robin, uniq_natasha,
          uniq_jessica

Action                   |  1- 3 |  4- 6 || total
-------------------------+-------+-------++-------
Melee: Flail             |   114 |    33 ||   147
  Use: Scroll            |     4 |       ||     4
 Stab: Sleeping          |       |     1 ||     1
  Eat: Chunk             |     1 |     2 ||     3
